cohdb
Replays
Latest Replays
All Replays
Popular Replays
Top Player Replays
Match Explorer
How It Works
Community
CoH3 Stats
Reddit
Sign in to upload your games and track your stats! →
Sign in with Steam
Match 42060870
Unlisted
Match 42060870
Overview
Messages
Build Orders
End
Construct Infanterie Kompanie
Pioneer Squad
MG 42 Machine Gun Team
GrW 34 Mortar Team
Sniper
Medical Station
Construct Panzergrenadier Kompanie
251 Medium Carrier
Pioneer Squad
Support Elements
Nebelwerfer 42 Rocket Launcher Team
Infanterie Officer Quarters
Pak 40 Anti-tank Gun Team
Construct Panzer Kompanie
Selects Terror Battlegroup
Selects Machine Gun Camouflage
Selects Defend the Fatherland
Stoßtruppen Squad
Panzer Officer Quarters
GigaChibrax
[MC]zal
L4
Ozrealix
T/5 Caesar [29th ID]
SasquatchFelix
RBaxter33
Mr. Pink
0
0
Comments
sign in to comment!
No comments posted yet!